 Dungeon Crawl Stone Soup version 0.22.0-32-gbc6daba (webtiles) character file.

246 Lew the Sneak (level 6, -3/37 HPs)
             Began as a Gargoyle Assassin on Aug 23, 2018.
             Slain by an ogre
             ... wielding a cursed -1 giant spiked club
              (24 damage)
             ... on level 4 of the Dungeon.
             The game lasted 00:08:19 (3437 turns).

Lew the Sneak (Gargoyle Assassin)                   Turns: 3437, Time: 00:08:20

Health: -3/37      AC: 13    Str: 15    XL:     6   Next: 11%
Magic:  6/6        EV: 11    Int: 11    God:
Gold:   89         SH:  0    Dex: 13    Spells: 5/5 levels left

rFire    . . .     SeeInvis .   a - +2 dagger
rCold    . . .     Gourm    .   (no shield)
rNeg     + . .     Faith    .   m - +0 ring mail
rPois    ∞         Spirit   .   (no helmet)
rElec    +         Reflect  .   k - +0 cloak
rCorr    .         Harm     .   (no gloves)
MR       .....                  n - +1 pair of boots
Stlth    ++........             (no amulet)
HPRegen  0.12/turn              (no ring)
MPRegen  0.10/turn              (no ring)

@: no status effects
A: negative energy resistance 1, electricity resistance, unbreathing,
petrification resistance, rot immunity, AC +4
a: no special abilities


You were on level 4 of the Dungeon.
You were not hungry.

You visited 1 branch of the dungeon, and saw 4 of its levels.

You collected 89 gold pieces.

Inventory:

Hand Weapons
 a - a +2 dagger (weapon)
 b - a +0 blowgun
Missiles
 e - 8 poisoned needles
 f - 2 curare-tipped needles
Armour
 k - a +0 cloak (worn)
 m - a +0 ring mail (worn)
 n - a +1 pair of boots (worn)
Scrolls
 j - 2 scrolls of teleportation
 l - a scroll of fog
 s - a scroll of remove curse
Potions
 h - a potion of agility
 i - a potion of haste
 o - 6 potions of ambrosia
 q - 4 potions of curing
Comestibles
 g - 5 rations


   Skills:
 + Level 3.5 Fighting
 + Level 2.8 Short Blades
 - Level 1.7 Throwing
 + Level 2.5 Armour
 + Level 2.2 Dodging
 * Level 5.5 Stealth


You had 5 spell levels left.
You didn't know any spells.
Your spell library was empty.

Dungeon Overview and Level Annotations

Branches:
Dungeon (4/15)
 Temple: D:4-7

Altars:
Ru
Yredelemnul


Innate Abilities, Weirdness & Mutations

You are resistant to torment.
Your stone body is resilient. (AC +4)
You are immune to poison.
You resist negative energy. (rN+)
You are resistant to electric shocks. (rElec)
You can survive without breathing.
You are immune to petrification.
You are immune to rotting.


Message History

There are monsters nearby!
The ogre barely misses you.
There are monsters nearby!
You hit the ogre but do no damage. You hit the ogre.
The ogre is lightly wounded.
A quokka comes into view.
The ogre barely misses you.
You hit the ogre.
The ogre is lightly wounded.
The leopard gecko skeleton bites you.
You hit the ogre.
The ogre is lightly wounded.
The ogre hits you with a giant spiked club!
The leopard gecko skeleton closely misses you.
You barely miss the ogre.
The ogre is lightly wounded.
The ogre hits you with a giant spiked club!!
Ouch! That really hurt!
You die...

#.......#
#.......#
###.......#
.$.......#
#.....).# #
#....?.$####
..###
#...OZ..r... ...#
#...@...###.
#..#####........
#..##.†.#######
###....###
######.[...##
#>.....###....#
#..###%..#####...
#.<.#####....
#......... ##


You could see an ogre, a quokka and a leopard gecko skeleton.

Vanquished Creatures
  A hound (D:2)
  Crazy Yiuf (D:3)
  Ijyb (D:3)
  4 adders
  4 gnolls (D:2)
  A worm (D:2)
  2 dart slugs
  2 leopard geckos
  4 orcs (D:3)
  A ball python (D:4)
  7 bats
  2 giant cockroaches (D:2)
  2 gnoll zombies (D:2)
  8 goblins
  6 hobgoblins
  9 jackals
  A quokka (D:2)
  4 frilled lizards
  7 kobolds
  6 rats
73 creatures vanquished.

Notes
Turn   | Place    | Note
-------+----------+-------------------------------------------
     0 | D:1      | Lew the Gargoyle Assassin began the quest for the Orb.
     0 | D:1      | Reached XP level 1. HP: 12/12 MP: 1/1
    81 | D:1      | Reached skill level 1 in Dodging
    81 | D:1      | Reached XP level 2. HP: 7/18 MP: 2/2
   987 | D:2      | Reached skill level 1 in Armour
  1039 | D:2      | Reached XP level 3. HP: 22/22 MP: 3/3
  1151 | D:2      | Reached XP level 4. HP: 16/27 MP: 4/4
  1497 | D:2      | Reached skill level 5 in Stealth
  1609 | D:2      | Found a basalt altar of Yredelemnul.
  1795 | D:2      | Reached XP level 5. HP: 14/32 MP: 5/5
  2324 | D:3      | Noticed Ijyb
  2402 | D:3      | Killed Ijyb
  2795 | D:3      | Found a sacrificial altar of Ru.
  2857 | D:3      | Found a runed door.
  3082 | D:3      | Noticed Crazy Yiuf
  3119 | D:3      | Killed Crazy Yiuf
  3119 | D:3      | Reached XP level 6. HP: 20/37 MP: 6/6
  3437 | D:4      | Slain by an ogre

Skill      XL: |  1  2  3  4  5 |
---------------+----------------+-----
Dodging        | 1 2 |  2.2
Short Blades   | 2 |  2.8
Armour         | 1 2 |  2.5
Fighting       | 3 |  3.5
Stealth        | 5 |  5.5
Throwing       | |  1.7

Action                   |  1- 3 |  4- 6 || total
-------------------------+-------+-------++-------
Melee: Dagger            |    84 |   275 ||   359
       Unarmed           |       |     2 ||     2
  Use: Scroll            |       |    10 ||    10
       Potion            |       |     3 ||     3
 Stab: Sleeping          |     3 |     6 ||     9
  Eat: Chunk             |       |     5 ||     5
       Ration            |       |     1 ||     1
Armor: Robe              |     7 |       ||     7
       Ring mail         |    45 |   108 ||   153
Dodge: Dodged            |    50 |   153 ||   203
